 Dungeon Crawl Stone Soup version 0.29.1-15-g9cfb28693d (webtiles) character file.

Game seed: 8036070656318465019

435 Calibrex the Ruffian (level 6, -5/59 HPs)
             Began as a Troll Fighter on Mar 23, 2023.
             Slain by an orc
             ... wielding a +0 flail
              (7 damage)
             ... on level 4 of the Dungeon.
             The game lasted 00:06:37 (2145 turns).

Calibrex the Ruffian (Troll Fighter)                Turns: 2145, Time: 00:06:37

Health: -5/59      AC:  5    Str: 25    XL:     6   Next: 68%
Magic:  5/5        EV:  8    Int:  6    God:
Gold:   185        SH:  7    Dex:  9    Spells: 5/5 levels left

rFire   . . .      SeeInvis .     - Unarmed
rCold   . . .      Faith    .   b - +0 kite shield
rNeg    . . .      Spirit   .   a - +0 robe
rPois   .          Reflect  .   (helmet restricted)
rElec   .          Harm     .   c - +0 cloak
rCorr   .          Rampage  .   (gloves unavailable)
Will    .....                   (boots unavailable)
Stlth   +.........              (no amulet)
HPRegen 0.99/turn               (no ring)
MPRegen 0.09/turn               (no ring)

@: no status effects
A: large, unfitting armour, claws 3, regeneration 1, shaggy fur 1, tough skin 1
a: no special abilities


You were on level 4 of the Dungeon.
You visited 1 branch of the dungeon, and saw 4 of its levels.

You collected 185 gold pieces.

Inventory:

Missiles
 d - 4 poisoned darts
 q - 4 atropa-tipped darts
Armour
 a - a +0 robe (worn)
 b - a +0 kite shield (worn)
 c - a +0 cloak (worn)
Jewellery
 n - a ring of magical power
Wands
 j - a wand of flame (21) (quivered)
Scrolls
 k - a scroll of teleportation {unknown}
 p - a scroll of immolation {unknown}
Potions
 e - a potion of curing
 g - a potion of haste {unknown}
 h - 3 potions of attraction
 l - a potion of heal wounds
 m - a potion of ambrosia {unknown}
 o - 2 potions of mutation {unknown}


   Skills:
 + Level 2.8 Fighting
 - Level 2.4 Dodging
 + Level 0.4 Stealth
 + Level 3.9 Shields
 * Level 6.0 Unarmed Combat
 + Level 0.2 Evocations


You had 5 spell levels left.
You didn't know any spells.
Your spell library was empty.

Dungeon Overview and Level Annotations

Branches:
Dungeon (4/15)
 Temple: D:4-7

Altars:

Shops:
D:4 *


Innate Abilities, Weirdness & Mutations

You are too large for most types of armour.
You have claws for hands.
Your natural rate of healing is unusually fast.
You are covered in fur. (AC +1)
You have tough skin. (AC +1)


Message History

* * * LOW HITPOINT WARNING * * *
You block the orc's attack. You block the scorpion's attack.
You feel much better.
You feel sick. The scorpion stings you.
* * * LOW HITPOINT WARNING * * *
You are more poisoned.
The scorpion poisons you! You block the orc wizard's attack.
You block the orc's attack. The orc hits you with a +0 flail.
* * * LOW HITPOINT WARNING * * *
The scorpion stings you but does no damage.
You mangle the scorpion!!
You kill the scorpion!
You feel very sick. The orc hits you with a +0 flail.
* * * LOW HITPOINT WARNING * * *
The orc wizard hits you but does no damage.
The orc hits you with a +0 mace.
* * * LOW HITPOINT WARNING * * *
Your Unarmed Combat skill increases to level 6!
You feel better. The orc barely misses you.
The orc wizard hits you but does no damage.
The orc barely misses you.
You closely miss the orc wizard. The orc barely misses you.
The orc hits you with a +0 flail!
* * * LOW HITPOINT WARNING * * *
The orc wizard hits you but does no damage.
The orc hits you with a +0 flail.
* * * LOW HITPOINT WARNING * * *
You block the orc's attack.
The orc wizard hits you with a +0 dagger.
* * * LOW HITPOINT WARNING * * *
You claw the orc wizard!
The orc wizard is heavily wounded.
You block the orc's attack. The orc wizard closely misses you.
The orc hits you but does no damage.
You barely miss the orc wizard.
The orc wizard is heavily wounded.
The orc wizard hits you with a +0 dagger.
* * * LOW HITPOINT WARNING * * *
The orc hits you with a +0 flail!
You die...

.. ! .... ... .##...♣
..#.....P~ ..##...# P~
.. ###......# ~~~P
...##........## ~~~♣♣.
......o.......##......
......o@.†............
...#.#..o...........## #
#...#..............#..
...∩...>...............
#.#...#.....#...........
...#.#.....#............
........####......$.....
..#.....# ###...........
####...##.#.........[.


You could see an orc wizard and 2 orcs.

Vanquished Creatures
  Menkaure (D:4)
  An ogre (D:4)
  A scorpion (D:4)
  3 orc priests (D:4)
  4 adders
  2 dart slugs
  5 orcs
  2 endoplasms
  4 goblins (D:1)
  4 hobgoblins
  2 kobolds
  3 quokkas
  2 ball pythons
  3 bats
  3 frilled lizards
  8 rats
48 creatures vanquished.

Notes
Turn   | Place    | Note
-------+----------+-------------------------------------------
     0 | D:1      | Calibrex the Troll Fighter began the quest for the Orb.
     0 | D:1      | Reached XP level 1. HP: 22/22 MP: 0/0
   160 | D:1      | Reached XP level 2. HP: 29/29 MP: 1/1
   703 | D:2      | Found a faded altar of an unknown god.
   706 | D:2      | You fall into a shaft and drop 1 floor!
  1003 | D:2      | Reached XP level 3. HP: 30/36 MP: 2/2
  1051 | D:2      | Reached skill level 3 in Unarmed Combat
  2012 | D:3      | Reached XP level 4. HP: 44/44 MP: 3/3
  2036 | D:4      | Noticed an ogre
  2046 | D:4      | Killed an ogre
  2047 | D:4      | Reached skill level 4 in Unarmed Combat
  2047 | D:4      | Reached XP level 5. HP: 6/50 MP: 4/4
  2048 | D:4      | Reached skill level 5 in Unarmed Combat
  2109 | D:4      | Noticed Menkaure
  2115 | D:4      | Killed Menkaure
  2116 | D:4      | Reached XP level 6. HP: 25/59 MP: 5/5
  2126 | D:4      | Found Ymaadaa's Overcharged Wands.
  2142 | D:4      | Reached skill level 6 in Unarmed Combat
  2145 | D:4      | HP: 2/59 [orc wizard/+0 dagger (4)]
  2145 | D:4      | Slain by an orc

Illustrated notes

Levels and vault maps discovered:
D:1:      dpeg_chamrin_arrival_tetris, layout_basic, minmay_misc_feat_iff
D:2:      layout_basic, ebering_ecumenical_altar_rust
D:3:      layout_loops_ring, wander_ebering_terrifying_dragon_lair
D:4:      layout_cave_pools, serial_bayou, serial_bayou_ford_a,
          serial_bayou_pond_b, serial_bayou_lagoon_a, serial_bayou_lagoon_b,
          eino_curves_04, nicolae_shop_overcharged_wands, uniq_menkaure

Skill      XL: |  1  2  3  4  5  6 |
---------------+-------------------+-----
Shields        | 3 |  3.9
Unarmed Combat | 3 4 5 6 |  6.0
Fighting       | |  2.8
Dodging        | |  2.4
Stealth        | |  0.4
Evocations     | |  0.2

Action                   |  1- 3 |  4- 6 || total
-------------------------+-------+-------++-------
Melee: Unarmed           |   107 |    26 ||   133
Evoke: Wand              |       |     7 ||     7
  Use: Scroll            |     7 |       ||     7
       Potion            |       |     3 ||     3
Armor: Robe              |    34 |    16 ||    50
Dodge: Dodged            |    33 |    12 ||    45
Block: Kite shield       |    39 |    17 ||    56
